Map: Automaton LE

Players

DisK

  • Race: Protoss Protoss
  • Spawn Location: 9:00

Probe - Winner!

  • Race: Protoss Protoss
  • Spawn Location: 3:00

Event: 2019 WCS Winter Americas

VOD

Have the link to the VOD?

Description

Time

  • Played on: Feb. 7, 2019, 3:37 p.m.
  • Length: 13:31

All games in this series

Show
View Real Time Build Order
Export as new Build Order

DisK Protoss 

Build Orders: Blink Stalkers 

Get SALT Encoding   

  12  0:00  Probe  
  13  0:12  Probe  
  14  0:18  Pylon  
  14  0:24  Probe  
  15  0:34  Probe  
  15  0:36  Gateway  
  15  0:42  Probe  
  16  0:47  Assimilator  
  17  0:52  Probe  
  17  0:56  Assimilator  
  18  1:00  Probe  
  19  1:09  Probe, Gateway  
  20  1:20  Probe  
  21  1:26  Cybernetics Core  
  21  1:32  Probe  
  22  1:36  Pylon  
  22  1:44  Probe  
  23  1:56  Warp Gate, Probe  
  24  2:02  Stalker  
  24  2:03  Sentry  
  24  2:08  Probe  
  29  2:17  Pylon  
  29  2:31  Pylon  
  29  2:33  Stalker  
  29  2:35  Stalker  
  33  2:40  Shield Battery  
  33  2:54  Twilight Council  
  33  3:01  Probe  
  34  3:11  Blink, Shield Battery  
  33  3:13  Probe  
  34  3:26  Probe  
  35  3:44  Stalker x2  
  35  3:48  Pylon  
  39  4:05  Robotics Facility  
  37  4:11  Probe  
  37  4:15  Phoenix  
  37  4:16  Nexus  
  38  4:18  Stalker  
  41  4:31  Probe  
  41  4:39  Forge  
  41  4:43  Probe  
  38  4:54  Warp Prism  
  38  4:55  Probe  
  41  5:01  Dark Shrine  
  41  5:07  Probe  
  41  5:12  Protoss Ground Weapons Level 1  
  42  5:17  Stalker  
  44  5:21  Probe  
  44  5:26  Probe  
  44  5:27  Stalker  
  48  5:37  Probe x2  
  50  5:46  Stalker  
  52  5:50  Stalker  
  52  5:53  Probe  
  56  5:57  Probe  
  56  6:03  Pylon  
  56  6:05  Probe  
  57  6:12  Probe  
  57  6:13  Dark Templar  
  57  6:17  Probe  
  58  6:26  Probe x2  
  55  6:34  Stalker  
  55  6:35  Probe x2  
  59  6:43  Robotics Bay  
  59  6:45  Probe x2  
  59  6:46  Stalker  
  63  6:57  Dark Templar  
  63  6:59  Probe x2  
  67  7:10  Assimilator  
  67  7:11  Assimilator, Probe x2  
  67  7:13  Gateway  
  69  7:21  Gateway  
  69  7:25  Pylon  
  69  7:29  Pylon  
  69  7:34  Disruptor  
  72  7:45  Shield Battery  
  72  7:46  Shield Battery  
  72  7:48  Probe  
  72  7:49  Probe  
  72  7:53  Stalker x2  
  76  8:01  Probe x2  
  76  8:05  Protoss Ground Weapons Level 2  
  78  8:13  Probe x2  
  78  8:16  Dark Templar  
  82  8:21  Pylon  
  82  8:26  Observer  
  82  8:31  Nexus  
  82  8:33  Pylon  
  83  8:40  Probe x2  
  83  8:41  Pylon  
  85  8:46  Disruptor  
  85  8:54  Stalker  
  85  8:55  Stalker  
  90  9:02  Zealot x2  
  84  9:14  Probe  
  79  9:19  Stalker x2  
  79  9:28  Probe, Disruptor  
  79  9:29  Probe  
  78  9:40  Probe  
  82  9:48  Stalker x4  
  90  9:59  Disruptor  
  90  10:09  Gateway x2  
  93  10:15  Protoss Ground Weapons Level 3  
  93  10:19  Nexus  
  93  10:21  Pylon  
  93  10:30  Disruptor  
  93  10:39  Pylon  
  96  10:56  Stalker x2  
  96  10:57  Stalker x2  
  93  11:06  Disruptor  
  93  11:11  Stalker x2  
  100  11:23  Probe  
  100  11:24  Probe  
  102  11:35  Stalker  
  102  11:36  Stalker x4  
  111  11:42  Observer  
  111  11:47  Pylon  
  112  11:50  Stalker  
  112  11:54  Disruptor  
  112  12:00  Stalker x2  
  119  12:15  Dark Templar  
  119  12:17  Pylon  
  119  12:18  Assimilator x2  
  119  12:20  Zealot  
  119  12:22  Pylon  
  123  12:23  Zealot  
  123  12:25  Probe x3  
  123  12:26  Disruptor  
  128  12:35  Pylon  
  132  12:37  Probe x2  
  133  12:45  Pylon  
  133  12:46  Stalker x2  
  137  12:52  Zealot x2  
  137  12:55  Zealot  
  106  13:21  Zealot x6  
Show
View Real Time Build Order
Export as new Build Order

Probe Protoss - Winner!

Build Orders: Oracle Opening 

Get SALT Encoding   

  12  0:00  Probe  
  13  0:12  Probe  
  14  0:18  Pylon  
  14  0:24  Probe  
  15  0:32  Probe  
  15  0:38  Gateway  
  15  0:40  Probe  
  16  0:47  Assimilator  
  17  0:50  Probe  
  17  0:56  Assimilator  
  18  0:58  Probe  
  19  1:06  Probe  
  20  1:13  Gateway  
  20  1:17  Probe  
  21  1:26  Cybernetics Core  
  21  1:31  Probe  
  22  1:43  Probe  
  22  1:46  Pylon  
  23  2:04  Stargate  
  23  2:05  Adept  
  23  2:06  Adept  
  27  2:09  Warp Gate  
  27  2:15  Probe  
  28  2:22  Pylon  
  28  2:27  Probe  
  29  2:35  Stalker  
  31  2:38  Oracle  
  31  2:41  Probe  
  35  2:52  Pylon  
  35  3:14  Probe  
  35  3:16  Oracle  
  39  3:39  Probe  
  40  3:44  Robotics Facility  
  40  3:49  Shield Battery  
  40  3:51  Probe  
  40  3:53  Gateway  
  41  3:58  Stalker x2  
  44  4:17  Pylon  
  44  4:19  Nexus  
  44  4:24  Immortal  
  40  4:37  Probe  
  45  4:42  Sentry  
  47  4:49  Probe  
  48  4:56  Pylon  
  48  5:03  Immortal  
  52  5:15  Adept x2  
  52  5:16  Probe  
  57  5:24  Sentry, Probe  
  59  5:31  Probe  
  59  5:35  Probe  
  61  5:39  Probe  
  62  5:43  Observer, Probe  
  62  5:47  Phoenix, Probe  
  67  5:51  Probe  
  69  6:01  Probe  
  69  6:03  Stalker, Probe  
  73  6:14  Probe  
  73  6:15  Probe, Forge  
  75  6:23  Immortal  
  75  6:26  Probe  
  75  6:27  Probe  
  75  6:31  Protoss Ground Weapons Level 1  
  73  6:36  Assimilator x2  
  73  6:39  Twilight Council  
  78  6:44  Pylon x2  
  77  6:49  Shield Battery  
  77  6:56  Gateway x2  
  77  7:06  Gateway  
  77  7:08  Gateway  
  77  7:14  Gateway  
  77  7:20  Templar Archives  
  77  7:23  Warp Prism  
  77  7:28  Pylon  
  79  7:31  Charge  
  79  7:35  Pylon  
  79  7:39  Zealot  
  79  7:41  Probe  
  81  7:49  Probe  
  80  7:54  Photon Cannon, Probe  
  81  8:01  Probe  
  82  8:16  High Templar  
  82  8:17  Zealot, High Templar  
  88  8:24  Nexus  
  88  8:28  Phoenix  
  88  8:32  Pylon  
  90  8:35  Protoss Ground Weapons Level 2  
  90  8:37  High Templar x2, Archon  
  94  8:48  Archon  
  94  8:54  Zealot x6  
  106  9:05  Probe  
  105  9:11  Probe  
  96  9:25  High Templar x2  
  100  9:32  Archon  
  100  9:37  Zealot  
  100  9:38  Zealot x5  
  109  9:39  Probe  
  109  9:43  Probe x2  
  109  9:46  Phoenix  
  109  9:50  Stargate, Photon Cannon  
  111  10:04  Probe x3  
  111  10:05  Zealot x2  
  118  10:09  High Templar x2  
  122  10:15  Archon  
  122  10:17  Zealot x3  
  128  10:27  Phoenix  
  130  10:35  Zealot  
  132  10:39  Protoss Ground Weapons Level 3  
  132  10:42  Pylon  
  128  10:45  Pylon  
  128  10:47  Pylon  
  122  10:50  Phoenix  
  120  11:04  High Templar x2  
  120  11:05  Zealot x4  
  120  11:07  Probe x3  
  120  11:08  Assimilator x2  
  120  11:09  Archon  
  135  11:19  Probe x2  
  135  11:22  Zealot x2  
  141  11:29  Phoenix  
  143  11:42  Phoenix  
  143  11:45  Immortal, Nexus, Probe x2  
  143  11:48  Pylon  
  147  11:59  Phoenix  
  149  12:01  Zealot x2  
  149  12:02  Zealot x2  
  149  12:06  Phoenix  
  155  12:10  Photon Cannon  
  157  12:17  Pylon x2  
  157  12:19  High Templar x2  
  161  12:24  Archon  
  161  12:25  Probe x2  
  161  12:27  Pylon  
  161  12:28  Pylon  
  163  12:32  High Templar  
  163  12:35  Phoenix  
  167  12:41  High Templar  
  167  12:52  Warp Prism  
  167  12:53  Zealot x5  
  177  13:04  Phoenix  
  149  13:24  Zealot x3  
  149  13:25  Zealot x5  
Tags
 
Add a new tag
Caveats
  • Supply blocks, unpowered buildings, or Contaminate may cause inaccurate times.
  • Supply counts are checked every 10 seconds.